 Dungeon Crawl Stone Soup version 0.26.0-10-g1f06aea511 (webtiles) character file.

Game seed: 6161290297757011332

770 dohliylev the Shield-Bearer (level 7, -4/44 HPs)
             Began as a Gargoyle Fighter on Jan 27, 2021.
             Slain by Menkaure (6 damage)
             ... on level 5 of the Dungeon.
             The game lasted 00:09:54 (4470 turns).

dohliylev the Shield-Bearer (Gargoyle Fighter)      Turns: 4470, Time: 00:09:54

Health: -4/44      AC: 14    Str: 22    XL:     7   Next: 83%
Magic:  7/7        EV:  8    Int:  8    God:
Gold:   223        SH: 10    Dex:  9    Spells: 6/6 levels left

rFire    . . .     SeeInvis .   a - +0 war axe
rCold    . . .     Faith    .   c - +0 kite shield
rNeg     + . .     Spirit   .   b - +0 scale mail
rPois    ∞         Reflect  .   m - +0 helmet
rElec    +         Harm     .   (no cloak)
rCorr    .         Rampage  .   h - +0 pair of gloves
Will     .....                  (no boots)
Stlth    +.........             (no amulet)
HPRegen  0.14/turn              j - ring of stealth
MPRegen  0.10/turn              (no ring)

@: no status effects
A: negative energy resistance 1, electricity resistance, unbreathing,
petrification resistance, miasma immunity, AC +4
a: no special abilities


You were on level 5 of the Dungeon.
You visited 1 branch of the dungeon, and saw 5 of its levels.

You collected 223 gold pieces.

Inventory:

Hand Weapons
 a - a +0 war axe (weapon)
Armour
 b - a +0 scale mail (worn)
 c - a +0 kite shield (worn)
 h - a +0 pair of gloves (worn)
 m - a +0 helmet (worn)
Jewellery
 j - a ring of stealth (left hand)
Scrolls
 e - 2 scrolls of teleportation {unknown}
 l - 4 scrolls of remove curse {unknown}
 n - 3 scrolls of identify {unknown}
 p - 2 scrolls of enchant armour {unknown}
 q - a scroll of magic mapping {unknown}
 t - a scroll of fog {unknown}
Potions
 d - 3 potions of might
 f - 4 potions of haste {unknown}
 g - 2 potions of curing {unknown}
 i - a potion of heal wounds {unknown}
 k - a potion of degeneration {unknown}
 o - 4 potions of attraction {unknown}
 r - 2 potions of lignification {unknown}
 s - a potion of magic {unknown}


   Skills:
 + Level 4.7 Fighting
 + Level 5.1 Axes
 + Level 5.0 Armour
 + Level 1.6 Dodging
 + Level 5.2 Shields


You had 6 spell levels left.
You didn't know any spells.
Your spell library contained the following spells:

 Spells                   Type           Power        Failure   Level
 Magic Dart               Conj           0%           98%         1
 Blink                    Tloc           N/A          99%         2
 Call Imp                 Summ           0%           99%         2
 Slow                     Hex            0%           99%         2
 Conjure Flame            Conj/Fire      0%           100%        3
 Mephitic Cloud           Conj/Pois/Air  0%           100%        3


Dungeon Overview and Level Annotations

Branches:
Dungeon (5/15)
 Temple: D:4-7

Altars:
Elyvilon
Hepliaklqana
Okawaru
Xom

Annotations:
D:4 1 runed translucent door
D:5 Menkaure


Innate Abilities, Weirdness & Mutations

You are resistant to torment.
Your stone body is resilient. (AC +4)
You are immune to poison.
You resist negative energy. (rN+)
You are resistant to electric shocks. (rElec)
You can survive without breathing.
You are immune to petrification.
You are immune to miasma.


Message History

You closely miss Menkaure.
Menkaure is heavily damaged.
Menkaure points at you and mumbles some strange words.
Pain shoots through your body!
You barely miss Menkaure.
Menkaure is heavily damaged.
Menkaure mumbles some strange words.
Menkaure seems to speed up.
You closely miss Menkaure.
Menkaure is heavily damaged.
Menkaure hits you! x2
You hit Menkaure but do no damage.
Menkaure is heavily damaged.
You block Menkaure's attack.
You hit Menkaure but do no damage.
Menkaure is heavily damaged.
Menkaure hits you!
* * * LOW HITPOINT WARNING * * *
Menkaure hits you.
You die...

# #.##########
#.#.#≈≈≈≈≈≈≈
#.......≈.≈≈
##......#####
##......M....###
#)......@.......
##.......##.[...
##.....## ####
#....## #.#.##
#.#.# #.#<#
#.#.# #.#.#


You could see Menkaure (fast).

Vanquished Creatures
  Sigmund (D:2)
  Eustachio (D:4)
  The ghost of p0werm0de the Skirmisher, an amateur DsCK of Xom (D:4)
  A hound (D:4)
  Natasha (thrice) (D:3)
  Ijyb (D:3)
  2 worker ants (D:4)
  Robin (D:2)
  A river rat (D:4)
  5 adders
  A howler monkey skeleton (D:4)
  2 oozes
  An adder skeleton (D:4)
  A worm (D:3)
  5 dart slugs
  3 orcs (D:3)
  8 bats
  2 giant cockroaches
  17 goblins
  14 hobgoblins
  2 jackals (D:3)
  2 quokkas
  A ball python (D:1)
  2 frilled lizards
  3 kobolds
  6 rats
87 creatures vanquished.

Notes
Turn   | Place    | Note
-------+----------+-------------------------------------------
     0 | D:1      | dohliylev the Gargoyle Fighter began the quest for the Orb.
     0 | D:1      | Reached XP level 1. HP: 14/14 MP: 1/1
   236 | D:1      | Reached XP level 2. HP: 15/19 MP: 2/2
   622 | D:2      | Reached XP level 3. HP: 23/23 MP: 3/3
   723 | D:2      | Noticed Robin
   741 | D:2      | Killed Robin
  1101 | D:2      | Reached XP level 4. HP: 29/29 MP: 4/4
  1285 | D:2      | Found a shimmering altar of Xom.
  1292 | D:2      | Found an iron altar of Okawaru.
  1296 | D:2      | Found a hazy altar of Hepliaklqana.
  1297 | D:2      | Found a white marble altar of Elyvilon.
  1317 | D:2      | Noticed Sigmund
  1662 | D:2      | Killed Sigmund
  1663 | D:2      | Reached XP level 5. HP: 25/33 MP: 5/5
  2172 | D:3      | Reached XP level 6. HP: 38/38 MP: 6/6
  2199 | D:3      | Noticed Natasha
  2209 | D:3      | Killed Natasha
  2378 | D:3      | Noticed Ijyb
  2382 | D:3      | Noticed Natasha
  2387 | D:3      | Paralysed by Ijyb for 6 turns
  2397 | D:3      | Paralysed by Ijyb for 4 turns
  2412 | D:3      | Killed Ijyb
  2413 | D:3      | Reached skill level 1 in Dodging
  2418 | D:3      | Killed Natasha
  2419 | D:3      | Noticed Natasha
  2427 | D:3      | Killed Natasha
  2958 | D:4      | Noticed Eustachio
  3133 | D:4      | Killed Eustachio
  3134 | D:4      | Reached XP level 7. HP: 5/44 MP: 7/7
  3604 | D:4      | Reached skill level 5 in Shields
  3706 | D:4      | Found a runed translucent door.
  3709 | D:4      | Noticed p0werm0de's ghost (amateur DsCK)
  3737 | D:4      | Killed p0werm0de's ghost
  3738 | D:4      | Reached skill level 5 in Axes
  3926 | D:4      | Found a runed translucent door.
  4227 | D:4      | Reached skill level 5 in Armour
  4418 | D:5      | Entered Level 5 of the Dungeon
  4455 | D:5      | Noticed Menkaure
  4470 | D:5      | HP: 2/44 [Menkaure (12)]
  4470 | D:5      | Slain by Menkaure

Illustrated notes

Levels and vault maps discovered:
D:1:      amcnicky_arrival_blooded_trapdoor, layout_rooms
D:2:      layout_basic, minitemple, uniq_robin, uniq_sigmund
D:3:      layout_basic, kennysheep_generic_room_8, uniq_ijyb, uniq_natasha
D:4:      layout_basic, ebering_ghost_sewer_f, uniq_eustachio
D:5:      black_bear_nest_1, layout_loops_ring, nicolae_dithmenos_the_darkroom,
          gup_sewer_entry_pipe, basic_altar, chequers_serial_rivers_small_b,
          uniq_duvessa, uniq_menkaure

Skill      XL: |  1  2  3  4  5  6  7 |
---------------+----------------------+-----
Axes           | 2 3 4 5 |  5.1
Shields        | 4 5 |  5.2
Fighting       | 4 |  4.7
Armour         | 4 5 |  5.0
Dodging        | 1 |  1.6

Action                   |  1- 3 |  4- 6 |  7- 9 || total
-------------------------+-------+-------+-------++-------
Melee: War axe           |   105 |   283 |    74 ||   462
Armor: Scale mail        |    55 |   204 |    27 ||   286
Dodge: Dodged            |    34 |   100 |    17 ||   151
Block: Kite shield       |    82 |   181 |    32 ||   295
